 Dungeon Crawl Stone Soup version 0.31-a0-1539-g569d6c7dce (webtiles) character file.

Game seed: 4160053729254820009

5651 night the Fighter (level 10, -8/65 HPs)
             Began as a Gargoyle Alchemist on Jan 1, 2024.
             Was a Follower of Vehumet.
             Killed from afar by an acid dragon (16 damage)
             ... with a splash of acid
             ... on level 8 of the Dungeon.
             The game lasted 00:25:36 (9524 turns).

night the Fighter (Gargoyle Alchemist)              Turns: 9524, Time: 00:25:37

Health: -8/65      AC: 12    Str: 13    XL:     10   Next: 74%
Magic:  12/21      EV:  8    Int: 25    God:    Vehumet [*.....]
Gold:   152        SH:  0    Dex: 10    Spells: 5/24 levels left

rFire   . . .        H - +2 trident (venom)
rCold   x . .        (no shield)
rNeg    + . .        L - +1 leather armour of Onumn {rElec rC- rCorr SInv}
rPois   ∞            (no helmet)
rElec   +            (no cloak)
rCorr   +            s - +0 pair of gloves
SInv    +            (no boots)
Will    .....        (no amulet)
Stlth   ++           v - +6 ring of intelligence
HPRegen 0.30/turn    (no ring)
MPRegen 0.17/turn

%: no passive effects
@: vertiginous
A: sickness immunity, AC +7, negative energy resistance 1, electricity
resistance, torment resistance 1, petrification resistance
a: Renounce Religion


You were on level 8 of the Dungeon.
You worshipped Vehumet.
Vehumet was aware of your devotion.
You visited 2 branches of the dungeon, and saw 10 of its levels.

You collected 530 gold pieces.
You spent 378 gold pieces at shops.

Inventory:

Hand Weapons
 h - a +0 short sword
 i - a +0 trident
 l - a +4 trident of draining
 H - a +2 trident of venom (weapon)
 K - a +0 quarterstaff
Missiles
 c - 78 stones
 j - 17 poisoned darts
 A - 12 boomerangs
 E - 2 throwing nets
Armour
 a - a +0 robe
 s - a +0 pair of gloves (worn)
 G - the +0 leather armour of a sewer {rF+}
   (You bought it in a shop on level 7 of the Dungeon)

   rF+:       It protects you from fire.
 L - the +1 leather armour of Onumn (worn) {rElec rC- rCorr SInv}
   (You bought it in a shop on level 7 of the Dungeon)

   rC-:       It makes you vulnerable to cold.
   rElec:     It insulates you from electricity.
   SInv:      It lets you see invisible.
   rCorr:     It protects you from acid and corrosion.
Jewellery
 v - a +6 ring of intelligence (left hand)
 z - an amulet of faith
Wands
 t - a wand of quicksilver (18)
 x - a wand of mindburst (57)
 B - a wand of polymorph (5)
Scrolls
 d - a scroll of fear
 e - 3 scrolls of immolation
 f - 2 scrolls of noise
 g - 5 scrolls of teleportation
 m - 2 scrolls of butterflies
 p - a scroll of poison
 w - 2 scrolls of revelation
 y - a scroll of blinking {unknown}
 C - a scroll of fog {unknown}
 D - a scroll of brand weapon {unknown}
 I - 2 scrolls of amnesia
Potions
 b - a potion of magic
 k - 5 potions of curing {unknown}
 n - a potion of cancellation {unknown}
 o - 4 potions of attraction {unknown}
 q - a potion of mutation {unknown}
 r - 3 potions of might {unknown}
 u - a potion of degeneration {unknown}
 F - a potion of haste {unknown}
 J - a potion of berserk rage {unknown}


   Skills:
 + Level 8.7 Fighting
 + Level 5.3 Dodging
 - Level 2.1 Stealth
 + Level 7.6 Spellcasting
 - Level 1.1 Conjurations
 - Level 3.9 Fire Magic
 + Level 7.2 Alchemy


You had 5 spell levels left.
You knew the following spells:

 Your Spells              Type           Power      Damage    Failure   Level
a - Sting                 Conj/Alch      100%       1d9       4%          1
b - Mercury Vapours       Alch/Air       54%        N/A       7%          2
c - Mephitic Cloud        Conj/Alch/Air  23%        N/A       16%         3
d - Olgreb's Toxic Radia  Alch           45%        N/A       10%         4
e - Sticky Flame          Fire/Alch      37%        2d8       16%         4
f - Alistair's Intoxicat  Alch           30%        N/A       22%         5

Your spell library contained the following spells:

 Spells                   Type           Power      Damage    Failure   Level
 Shock                    Conj/Air       48%        1d6       13%         1
 Apportation              Tloc           18%        N/A       17%         1
 Jinxbite                 Hex            18%        N/A       22%         2
 Dazzling Flash           Conj/Hex       24%        N/A       32%         3
 Curse of Agony           Necr           9%         N/A       97%         5
 Silence                  Hex/Air        4%         N/A       97%         5


Dungeon Overview and Level Annotations

Branches:
Dungeon (9/15)             Temple (1/1) D:7
   Lair: D:8-11         Orc: D:9-12

Altars:
Ashenzari
Cheibriados
Dithmenos
Elyvilon
Fedhas
Gozag
Hepliaklqana
Kikubaaqudgha
Makhleb
Nemelex Xobeh
Okawaru
Qazlal
Ru
Sif Muna
Trog
Uskayaw
Vehumet
Wu Jian
Xom
Yredelemnul
Zin
The Shining One

Shops:
D:7 [

Annotations:
D:8 2 runed translucent doors, inmateoo's ghost, novice MiGl


Innate Abilities, Weirdness & Mutations

You are immune to sickness and miasma.
Your stone body is resilient. (AC +7)
You are immune to poison.
You resist negative energy. (rN+)
You are resistant to electric shocks. (rElec)
You are resistant to unholy torment.
You are immune to petrification.


Message History

You kill the bullfrog!
Vehumet accepts your kill.
The centaur looks as sick as possible!
The gnoll bouda looks even sicker.
The orc priest is poisoned.
The kobold brigand looks as sick as possible!
You kill the kobold brigand!
Vehumet accepts your kill.
The gnoll bouda mumbles some strange prayers to its god.
The gnoll bouda is healed somewhat.
The acid dragon bites you. The acid dragon claws you. The yak gores you!
* * * LOW HITPOINT WARNING * * *
An orc wizard comes into view. It is wielding a +0 dagger.
An orc comes into view. It is wielding a +0 dagger.
The yak looks as sick as possible! x3
The gnoll bouda looks as sick as possible!
The orc wizard is poisoned.
The orc priest looks even sicker.
The orc is poisoned.
The centaur hits the gnoll bouda.
The gnoll bouda is killed!
Vehumet accepts your kill. The yak gores you.
* * * LOW HITPOINT WARNING * * *
The yak gores you.
* * * LOW HITPOINT WARNING * * *
The acid dragon bites you but does no damage.
The acid dragon barely misses you.
You climb upwards.
Level annotation: 2 runed translucent doors, inmateoo's ghost, novice MiGl The yak looks as sick as possible!
Your attacks no longer feel as feeble.
Your toxic aura wanes.
Your magical contamination has completely faded away.
There is a stone staircase leading down here.
The yak attacks as it pursues you! The yak closely misses you.
The acid dragon barely misses you. The acid dragon claws you.
* * * LOW HITPOINT WARNING * * *
You kill the yak!
Vehumet accepts your kill.
You feel your power returning. The acid dragon spits acid at you.
The splash of acid hits you! You resist.
You die...

#...# #..### #...# #..... #...#
#..... #.[.##### #### ##..##
#...##..##########..#########..##
#....#<..........................
#....'..........................[
#...##..######..###'#########'###
###'##..######..##@.##.##..##....
#...##......#..Y.......#.[.......
#...#.......#)..D......#.........
#...'...[..)[<....))...#.........
#...##.[###'##..##..##.##..##..##
#...##..##.[######..#########..##
#........#...........# #....#
######...#...........# #....#
#...##...#...........# #....#


You could see a yak (extremely poisoned) and an acid dragon (catching breath).

Vanquished Creatures
  A two-headed ogre (D:8)
  Jeremiah (D:8)
  10 yaks (D:8)
  A steam dragon (D:6)
  3 water moccasins
  2 black bears (D:6)
  An ice beast (D:7)
  An orc warrior (D:8)
  An ogre (D:6)
  2 phantoms (D:5)
  3 centaurs
  A kobold brigand (D:9)
  4 bullfrogs
  4 gnoll sergeants
  2 scorpions
  8 wights
  3 bombardier beetles
  4 hounds
  5 gnoll boudas
  3 orc priests
  5 iguanas
  2 orc wizards
  34 gnolls
  6 adders
  A shadow imp (D:8)
  3 white imps (D:7)
  2 ufetubi (D:5)
  2 ribbon worms
  10 orcs
  2 endoplasms
  2 giant cockroaches
  8 goblins
  6 hobgoblins
  5 jackals (D:6)
  12 kobolds
  6 quokkas
  10 ball pythons
  7 bats
  3 frilled lizards
  22 rats
208 creatures vanquished.

Notes
Turn   | Place    | Note
-------+----------+-------------------------------------------
     0 | D:1      | night the Gargoyle Alchemist began the quest for the Orb.
     0 | D:1      | Reached XP level 1. HP: 10/10 MP: 3/3
   369 | D:1      | Reached XP level 2. HP: 16/16 MP: 3/5
   372 | D:1      | Learned a level 2 spell: Mercury Vapours
   425 | D:1      | Reached skill level 1 in Fighting
   887 | D:1      | Reached XP level 3. HP: 20/20 MP: 1/6
  1216 | D:1      | Learned a level 3 spell: Mephitic Cloud
  1383 | D:2      | Found a faded altar of an unknown god.
  1628 | D:2      | Found a broken altar of Ashenzari.
  1757 | D:2      | Reached skill level 2 in Fighting
  1766 | D:2      | Reached XP level 4. HP: 26/26 MP: 2/8
  2295 | D:3      | Identified the +1 dagger "Atwupado" {antimagic, rElec Str-5
                  | Dex+9 SInv}
  2451 | D:3      | Found a broken altar of Ashenzari.
  3071 | D:4      | Reached XP level 5. HP: 9/31 MP: 0/9
  3079 | D:4      | HP: 3/31 [rat (3)]
  3603 | D:5      | Entered Level 5 of the Dungeon
  3651 | D:5      | Noticed a phantom
  3658 | D:5      | Learned a level 4 spell: Olgreb's Toxic Radiance
  3678 | D:5      | Killed a phantom
  3679 | D:5      | Reached skill level 3 in Fighting
  3679 | D:5      | Reached skill level 1 in Fire Magic
  3679 | D:5      | Reached XP level 6. HP: 10/37 MP: 2/11
  4404 | D:5      | Reached skill level 2 in Fire Magic
  4461 | D:5      | Reached skill level 4 in Fighting
  4461 | D:5      | Reached XP level 7. HP: 40/43 MP: 3/13
  4466 | D:5      | Learned a level 4 spell: Sticky Flame
  5021 | D:6      | Noticed a steam dragon
  5287 | D:5      | Reached skill level 5 in Fighting
  5287 | D:5      | Reached XP level 8. HP: 38/49 MP: 5/15
  5535 | D:6      | Reached skill level 5 in Spellcasting
  5668 | D:6      | Reached skill level 5 in Alchemy
  5763 | D:6      | Found a white marble altar of Elyvilon.
  5822 | D:6      | Found a glowing golden altar of the Shining One.
  5856 | D:6      | Reached skill level 2 in Dodging
  6011 | D:6      | Reached skill level 6 in Fighting
  6251 | D:6      | Reached XP level 9. HP: 31/55 MP: 2/17
  6256 | D:6      | HP: 8/55 [gnoll sergeant/+2 heavy spear (4)]
  7029 | D:7      | Found Xorerph's Antique Armour Emporium.
  7060 | D:7      | Bought a faintly glowing leather armour for 189 gold pieces
  7060 | D:7      | Identified the +0 leather armour of a sewer {rF+} (You
                  | bought it in a shop on level 7 of the Dungeon)
  7627 | D:7      | Found a blossoming altar of Fedhas.
  7633 | D:7      | Found a stormy altar of Qazlal.
  7648 | D:7      | Found a staircase to the Ecumenical Temple.
  7662 | Temple   | Entered the Ecumenical Temple
  7685 | Temple   | Became a worshipper of Vehumet
  7797 | D:7      | Learned a level 5 spell: Alistair's Intoxication
  7869 | D:8      | Reached skill level 7 in Fighting
  8223 | D:8      | Noticed a two-headed ogre
  8237 | D:8      | Killed a two-headed ogre
  8238 | D:8      | Reached XP level 10. HP: 29/64 MP: 6/20
  8460 | D:7      | Bought a faintly humming leather armour for 189 gold pieces
  8460 | D:7      | Identified the +1 leather armour of Onumn {rElec rC- rCorr
                  | SInv} (You bought it in a shop on level 7 of the Dungeon)
  8531 | D:8      | Reached skill level 8 in Fighting
  8591 | D:8      | Noticed Jeremiah
  8623 | D:8      | Reached * piety under Vehumet
  8623 | D:8      | Offered knowledge of Shock by Vehumet.
  8624 | D:8      | Reached skill level 5 in Dodging
  8847 | D:8      | Killed Jeremiah
  8985 | D:8      | Found a large runed translucent door.
  8985 | D:8      | Found a large runed translucent door.
  8986 | D:8      | Noticed inmateoo's ghost (novice MiGl)
  9520 | D:9      | HP: 9/65 [yak (4)]
  9524 | D:8      | Killed from afar by an acid dragon

Illustrated notes

Levels and vault maps discovered:
D:1:      lightli_arrival_farm, layout_basic
D:2:      layout_basic, basic_altar, shapermc_ecumenical_altar_gd
D:3:      layout_basic, mainiacjoe_overflow_small_starburst, serial_glass,
          glass_columns_a, glass_columns_b
D:4:      layout_cave_pools, serial_column_ruins, column_ruins_columns_dead_end,
          column_ruins_open_tiny, column_ruins_grid_2, column_ruins_open_tiny,
          column_ruins_grid_1, minmay_rat_hole
D:5:      layout_basic
D:6:      layout_cave_pools, mainiacjoe_overflow_six_doors_small,
          elyvilon_altar_1, serial_gnoll_camp, gnoll_camp_medium_02,
          gnoll_camp_mini_doghouse, gnoll_camp_mini_house, gnoll_camp_mini_hut
D:7:      layout_rooms, grunt_temple_overflow_forces_of_nature,
          minmay_temple_entry_junction, serial_shops, nicolae_shop_peninsula
D:8:      layout_gridville, ebering_ghost_disaster_area, uniq_jeremiah
D:9:      layout_gridville
Temple:   bh_familiar_temple

Skill      XL: |  1  2  3  4  5  6  7  8  9 10 |
---------------+-------------------------------+-----
Fighting       | 1 2 3 4 5 6 7 8 |  8.7
Alchemy        | 3 4 5 6 7 |  7.2
Spellcasting   | 3 4 5 6 7 |  7.6
Fire Magic     | 1 2 3 |  3.9
Dodging        | 2 4 5 |  5.3
Stealth        | |  2.1
Conjurations   | |  1.1

Action                     |  1- 3 |  4- 6 |  7- 9 | 10-12 || total
---------------------------+-------+-------+-------+-------++-------
  Melee: Trident           |    56 |   152 |   138 |    39 ||   385
         Unarmed           |     1 |       |       |       ||     1
         Punch             |       |     1 |     3 |       ||     4
   Cast: Sting             |    22 |    50 |    37 |     5 ||   114
         Mercury Vapours   |    13 |    19 |    19 |     5 ||    56
         Mephitic Cloud    |     1 |     3 |     3 |     5 ||    12
         Olgreb's Toxic Ra |       |     2 |    24 |    14 ||    40
         Sticky Flame      |       |       |    13 |       ||    13
         Alistair's Intoxi |       |       |     4 |     6 ||    10
    Use: Scroll            |       |       |       |     8 ||     8
   Stab: Confused          |     3 |       |       |     2 ||     5
         Distracted        |     1 |       |       |       ||     1
         Sleeping          |       |     1 |     2 |       ||     3
 Armour: Robe              |    25 |   179 |   164 |     2 ||   370
         Leather armour    |       |       |       |    60 ||    60
  Dodge: Dodged            |    26 |   144 |    91 |    49 ||   310

Table legend: (Time is in decaauts)
 A = Elapsed time spent in this place.
 B = Non-inter-level travel time spent in this place.
 C = Inter-level travel time spent in this place.
 D = Time resting spent in this place.
 E = Time spent auto-exploring this place.
 F = Levels seen in this place.
 G = Mean time per level.
                   A        B        C        D        E       F      G
               +--------+--------+--------+--------+--------+-----+--------+
         Total |   9668 |   9214 |    454 |   2050 |   5539 |  10 |  966.8 |
       Dungeon |   9622 |   9210 |    412 |   2050 |   5539 |   9 | 1069.1 |
        Temple |     45 |      3 |     42 |      0 |      0 |   1 |   45.0 |
               +--------+--------+--------+--------+--------+-----+--------+

Top non-repeatable levels by time:
     D:6: 1685 daAuts
     D:5: 1585 daAuts
     D:8: 1380 daAuts
     D:1: 1259 daAuts
     D:7: 1137 daAuts
     D:3: 870 daAuts
     D:2: 861 daAuts
     D:4: 834 daAuts
  Temple: 45 daAuts
     D:9: 8 daAuts
